AoeStats
← Simon Stokvis

Arena

506346718Analyzed
4v4 RM · 19d ago on Sep 13, 2026· 35m 48s· 8 players
Game mode
Random Map
Map size
Large (8 player)
Population
200
Speed
Normal
Resources
Standard
Victory
Conquest
Starting age
Dark Age
Ending age
Imperial Age
RankedLock teamsTeams togetherTeam positionsShared explorationLock speedFull tech treeHidden civsTurbo modeCheats
Victory
Defeat
🇨🇭 Britons · Switzerland
1543
+12
🇨🇳 Japanese · China
1505
+13
1504
+13
🇳🇱 Khmer · Netherlands
1503
+13
🇨🇳 Britons · China
1462
-13
🇨🇳 Franks · China
1450
-13
🇨🇳 Poles · China
1438
-13
1415
-12
Simon Stokvis
10:25 Feudal Age
13:21 Castle Age
31:40 Loom
32:12 Town Watch
Tschab
11:09 Feudal Age
15:00 Castle Age
12:54 Double-Bit Axe
14:52 Horse Collar
16:19 Heavy Plow
16:59 Bow Saw
18:17 Loom
22:38 Fletching
28:27 Town Watch
29:23 Wheelbarrow
28:46 Gold Mining
33:49 Imperial Age
31:36 Bodkin Arrow
33:03 Gold Shaft Mining
32:19 Stone Mining
33:16 Murder Holes
33:43 Ballistics
33:34 Masonry
34:33 Padded Archer Armor
34:34 Bracer
35:37 Chemistry
35:08 Conscription
35:24 Bracer
35:53 Fortified Wall
[韓粉戰隊] 鋼鐵韓粉
10:26 Feudal Age
13:58 Castle Age
12:02 Double-Bit Axe
11:58 Horse Collar
15:00 Bow Saw
16:08 Wheelbarrow
23:39 Hand Cart
23:09 Town Watch
23:10 Loom
25:06 Heavy Plow
27:58 Imperial Age
26:04 Gold Mining
26:05 Stone Mining
26:23 Scale Barding Armor
26:44 Husbandry
26:55 Bloodlines
27:06 Forging
28:20 Chain Barding Armor
27:45 Cavalier
29:08 Crop Rotation
30:15 Plate Barding Armor
30:16 Iron Casting
29:46 Savar
32:08 Two-Man Saw
33:51 Blast Furnace
35:26 Masonry
35:37 Ballistics
36:17 Chemistry
35:08 Fletching
36:04 Bodkin Arrow
36:41 Architecture
梅子雨
10:02 Feudal Age
14:43 Castle Age
13:51 Double-Bit Axe
13:52 Horse Collar
15:53 Bow Saw
17:42 Heavy Plow
21:50 Wheelbarrow
23:44 Stone Mining
25:07 Gold Mining
27:03 Gold Shaft Mining
29:52 Imperial Age
27:46 Hand Cart
28:45 Gold Shaft Mining
27:42 Pikeman
28:23 Squires
28:28 Scale Mail Armor
29:28 Arson
29:58 Forging
30:03 Chain Mail Armor
30:08 Halberdier
30:15 Halberdier
31:40 Plate Mail Armor
31:46 Iron Casting
32:21 Two-Man Saw
32:02 Conscription
34:32 Chemistry
35:42 Blast Furnace
34:16 Elite Samurai
巴山猴子
5:46 Loom
8:30 Feudal Age
9:00 Double-Bit Axe
14:47 Fletching
15:30 Padded Archer Armor
18:56 Padded Archer Armor
29:41 Castle Age
29:42 Crossbowman
海军上将的精英卫士
9:51 Feudal Age
9:55 Champi Runner
15:44 Castle Age
15:01 Scale Mail Armor
16:11 Loom
17:14 Champi Warrior
19:48 Wheelbarrow
21:15 Chain Mail Armor
21:30 Arson
23:32 Double-Bit Axe
24:50 Horse Collar
27:22 Bow Saw
28:20 Squires
28:31 Heavy Plow
29:31 Gold Mining
29:39 Stone Mining
34:12 Imperial Age
31:42 Fletching
31:52 Padded Archer Armor
31:42 Fletching
32:16 Elite Skirmisher
33:40 Hand Cart
34:37 Bodkin Arrow
34:42 Padded Archer Armor
34:54 Forging
34:24 Elite Champi Warrior
36:00 Gold Shaft Mining
35:32 Town Watch
欧阳没有偏旁
9:44 Feudal Age
13:52 Castle Age
12:27 Double-Bit Axe
21:19 Bow Saw
22:09 Wheelbarrow
22:11 Loom
22:48 Gold Mining
27:12 Imperial Age
25:06 Scale Barding Armor
25:12 Forging
26:01 Hand Cart
26:22 Chain Barding Armor
27:46 Iron Casting
27:21 Husbandry
27:59 Gold Shaft Mining
28:12 Masonry
28:39 Plate Barding Armor
27:43 Cavalier
28:38 Loom
28:38 Town Watch
30:40 Blast Furnace
29:19 Paladin
30:29 Fletching
31:02 Stone Mining
31:27 Town Patrol
确认过眼神
10:25 Feudal Age
14:22 Castle Age
12:57 Double-Bit Axe
12:57 Horse Collar
15:15 Heavy Plow
18:39 Bow Saw
19:14 Gold Mining
20:29 Scale Barding Armor
22:32 Husbandry
23:18 Bloodlines
25:07 Loom
25:15 Stone Mining
26:42 Wheelbarrow
25:53 Town Watch
28:07 Hand Cart
29:00 Chain Barding Armor
28:54 Forging
30:01 Szlachta Privileges
32:53 Imperial Age
31:44 Iron Casting
33:22 Padded Archer Armor
Connection lost

Rejoining the realm…

Still unreachable

The connection could not be restored.

Session expired

The server has moved on; the page needs a fresh start.